AoeStats
← 恆浪蕩

Black Forest

508458925Analyzed
4v4 RM · 9d ago on Sep 22, 2026· 19m 18s· 8 players
Game mode
Random Map
Map size
Large (8 player)
Population
200
Speed
Normal
Resources
Standard
Victory
Conquest
Starting age
Dark Age
Ending age
Imperial Age
RankedLock teamsTeams togetherTeam positionsShared explorationLock speedFull tech treeHidden civsTurbo modeCheats
Victory
Defeat
🇹🇼 Burmese · Taiwan
1612
+16
1593
+17
🇹🇼 Spanish · Taiwan
1548
+19
🇹🇼 Celts · Taiwan
1484
+21
🇦🇷 Koreans · Argentina
1674
-22
🇹🇼 Gurjaras · Taiwan
1627
-19
🇫🇮 Turks · Finland
1610
-18
🇫🇮 Persians · Finland
1510
-14
gottagou
默默默默默
0:32 Loom
Kaarlos
0:50 Loom
恆浪蕩
3:48 Loom
11:07 Feudal Age
15:25 Castle Age
13:33 Double-Bit Axe
13:57 Fishing Lines
16:28 Bow Saw
16:55 Horse Collar
BøM_antihack.exe
0:39 Loom
17:36 Feudal Age
18:22 Double-Bit Axe
再吵去東湖框你媽出場
BøM_Sheuu
5:56 Loom
10:41 Feudal Age
15:39 Castle Age
16:24 Horse Collar
Fries
0:48 Loom
12:58 Feudal Age
18:25 Castle Age
17:44 Double-Bit Axe
19:55 Scale Mail Armor
Connection lost

Rejoining the realm…

Still unreachable

The connection could not be restored.

Session expired

The server has moved on; the page needs a fresh start.